 Dungeon Crawl Stone Soup version 0.32-a0-779-g362cfcae2a (webtiles) character file.

Game seed: 14220220734457863451

569 Griffin23 the Slasher (level 7, -1/61 HPs)
             Began as a Minotaur Fighter on Mar 19, 2024.
             Slain by an orc warrior
             ... wielding a +0 glaive
              (12 damage)
             ... on level 4 of the Dungeon.
             The game lasted 00:04:50 (2550 turns).

Griffin23 the Slasher (Minotaur Fighter)            Turns: 2550, Time: 00:04:51

Health: -1/61      AC: 10    Str: 22    XL:     7   Next: 11%
Magic:  6/6        EV:  8    Int:  5    God:
Gold:   204        SH:  4    Dex: 10    Spells: 6/6 levels left

rFire   . . .        a - +0 long sword
rCold   . . .        c - +0 buckler
rNeg    . . .        b - +0 scale mail
rPois   .            (helmet restricted)
rElec   .            d - +2 cloak
rCorr   .            (no gloves)
SInv    .            (no boots)
Will    .....        f - amulet of regeneration Stlth
                     (no ring)
HPRegen 1.10/turn    (no ring)
MPRegen 0.10/turn

%: no passive effects
@: no status effects
A: horns 2, retaliatory headbutt
a: no special abilities


You were on level 4 of the Dungeon.
You visited 1 branch of the dungeon, and saw 4 of its levels.

You collected 204 gold pieces.

Inventory:

Hand Weapons
 a - a +0 long sword (weapon)
Missiles
 q - 2 throwing nets (quivered)
Armour
 b - a +0 scale mail (worn)
 c - a +0 buckler (worn)
 d - a +2 cloak (worn)
Jewellery
 f - an amulet of regeneration (around neck)
 p - a ring of flight
Scrolls
 e - 4 scrolls of identify {unknown}
 g - a scroll of amnesia {unknown}
 k - 2 scrolls of blinking
 n - a scroll of silence {unknown}
 o - 2 scrolls of brand weapon {unknown}
Potions
 h - a potion of degeneration {unknown}
 i - a potion of heal wounds {unknown}
 j - a potion of invisibility {unknown}
 l - a potion of lignification {unknown}
 m - a potion of cancellation {unknown}


   Skills:
 + Level 5.5 Fighting
 * Level 6.1 Long Blades
 + Level 5.5 Armour
 + Level 5.4 Shields


You had 6 spell levels left.
You didn't know any spells.
Your spell library contained the following spells:

 Spells                   Type           Power      Damage    Failure   Level
 Summon Small Mammal      Summ           0%         N/A       85%         1
 Call Canine Familiar     Summ           0%         N/A       99%         3
 Summon Blazeheart Golem  Fire/Summ      0%         N/A       100%        4


Dungeon Overview and Level Annotations

Branches:
Dungeon (4/15)
 Temple: D:4-7

Altars:
Cheibriados


Innate Abilities, Weirdness & Mutations

You have a pair of horns on your head.
You reflexively headbutt those who attack you in melee.


Message History

The orc warrior hits you with a +0 glaive.
You barely miss the orc warrior. Your headbutt misses the orc warrior.
The orc warrior is lightly wounded.
The orc warrior hits you with a +0 glaive!!
You slash the orc warrior! You headbutt the orc warrior!
The orc warrior is severely wounded.
The orc warrior barely misses you.
You hit the orc warrior but do no damage.
You headbutt the orc warrior, but do no damage.
The orc warrior is severely wounded.
You block the orc warrior's attack.
You closely miss the orc warrior. Your headbutt misses the orc warrior.
The orc warrior is severely wounded.
The orc warrior hits you with a +0 glaive.
You are too injured to fight recklessly!
You are too injured to fight recklessly!
You are too injured to fight recklessly!
You are too injured to fight recklessly!
You are too injured to fight recklessly!
You hit the orc warrior but do no damage.
The orc warrior is severely wounded.
The orc warrior hits you with a +0 glaive!
You hit the orc warrior.
The orc warrior is almost dead.
The orc warrior hits you but does no damage.
You barely miss the orc warrior.
The orc warrior is almost dead.
The orc warrior hits you but does no damage.
You barely miss the orc warrior.
The orc warrior is almost dead.
You block the orc warrior's attack.
You hit the orc warrior but do no damage.
The orc warrior is almost dead.
The orc warrior closely misses you.
You hit the orc warrior but do no damage.
The orc warrior is almost dead.
The orc warrior hits you with a +0 glaive!
* * * LOW HITPOINT WARNING * * *
The orc warrior hits you with a +0 glaive!
You die...

###### ###....#####
##....##..รท.###
###...#######...########
......## ##.o[......##
.......## ##.@).......
#..###..## ##########.
##. ##..## # ##..#####
##..#..# ##..#.# #...##
#..## ##..#


You could see an orc warrior.

Vanquished Creatures
  Sigmund (D:2)
  Duvessa (D:4)
  Dowan (D:3)
  A bombardier beetle (D:3)
  A howler monkey (D:4)
  Crazy Yiuf (D:2)
  Jessica (D:2)
  An orc wizard (D:3)
  Robin (D:3)
  3 adders
  2 dart slugs
  An orc (D:4)
  6 ball pythons
  2 endoplasms (D:2)
  3 giant cockroaches
  10 goblins
  5 hobgoblins
  12 jackals
  7 kobolds
  A quokka (D:1)
  5 bats
  5 frilled lizards
  5 rats
76 creatures vanquished.

Notes
Turn   | Place    | Note
-------+----------+-------------------------------------------
     0 | D:1      | Griffin23 the Minotaur Fighter began the quest for the Orb.
     0 | D:1      | Reached XP level 1. HP: 19/19 MP: 0/0
   155 | D:1      | Reached XP level 2. HP: 22/27 MP: 1/1
   559 | D:1      | Reached XP level 3. HP: 33/33 MP: 2/2
   568 | D:1      | Reached skill level 3 in Long Blades
   799 | D:2      | Noticed Jessica
   799 | D:2      | Noticed Sigmund
   803 | D:2      | Killed Jessica
   817 | D:2      | Killed Sigmund
   818 | D:2      | Reached skill level 4 in Long Blades
   818 | D:2      | Reached XP level 4. HP: 28/41 MP: 3/3
   818 | D:2      | Reached XP level 5. HP: 32/47 MP: 4/4
   884 | D:2      | Found a runed translucent door.
   885 | D:2      | Noticed Crazy Yiuf
   961 | D:2      | Found a faded altar of an unknown god.
  1278 | D:2      | Killed Crazy Yiuf
  1279 | D:2      | Reached skill level 5 in Long Blades
  1279 | D:2      | Reached XP level 6. HP: 55/55 MP: 5/5
  1398 | D:3      | Reached skill level 5 in Armour
  1435 | D:3      | Found a snail-covered altar of Cheibriados.
  1442 | D:3      | Reached skill level 5 in Fighting
  1442 | D:3      | Reached skill level 5 in Shields
  1751 | D:3      | Noticed Robin
  1766 | D:3      | Killed Robin
  1926 | D:4      | Noticed Duvessa
  1928 | D:4      | Noticed Dowan
  1933 | D:4      | Noticed an orc warrior
  2475 | D:4      | Killed Duvessa
  2476 | D:4      | Reached XP level 7. HP: 28/61 MP: 6/6
  2515 | D:3      | Killed Dowan
  2516 | D:3      | Reached skill level 6 in Long Blades
  2550 | D:4      | Slain by an orc warrior

Illustrated notes

Levels and vault maps discovered:
D:1:      shiori_arrival_maze, layout_rooms
D:2:      layout_rooms, chequers_ecumenical_altar_grove, uniq_jessica,
          uniq_sigmund, uniq_crazy_yiuf_cottage
D:3:      layout_basic, slow_altar_2, minivault_4, chequers_garden,
          minmay_misc_feat_doors, uniq_robin
D:4:      layout_layer_cave, bloody_makhleb,
          minmay_a_box_with_orc_wizards_in_it, uniq_natasha, uniq_duvessa

Skill      XL: |  1  2  3  4  5  6  7 |
---------------+----------------------+-----
Fighting       | 4 5 |  5.5
Armour         | 4 5 |  5.5
Shields        | 4 5 |  5.4
Long Blades    | 4 5 6 |  6.1

Action                     |  1- 3 |  4- 6 |  7- 9 || total
---------------------------+-------+-------+-------++-------
  Melee: Long sword        |   117 |    97 |    19 ||   233
         Headbutt          |    15 |    21 |     2 ||    38
    Use: Potion            |       |     1 |       ||     1
         Scroll            |       |     1 |       ||     1
 Armour: Scale mail        |   101 |   108 |    16 ||   225
  Dodge: Dodged            |    55 |    63 |    10 ||   128
  Block: Buckler           |    22 |    27 |     5 ||    54

Table legend: (Time is in decaauts)
 A = Elapsed time spent in this place.
 B = Non-inter-level travel time spent in this place.
 C = Inter-level travel time spent in this place.
 D = Time resting spent in this place.
 E = Time spent auto-exploring this place.
 F = Levels seen in this place.
 G = Mean time per level.
                   A        B        C        D        E       F      G
               +--------+--------+--------+--------+--------+-----+--------+
         Total |   2610 |   2469 |    141 |    487 |   1406 |   4 |  652.5 |
       Dungeon |   2610 |   2469 |    141 |    487 |   1406 |   4 |  652.5 |
               +--------+--------+--------+--------+--------+-----+--------+

Top non-repeatable levels by time:
     D:3: 1063 daAuts
     D:1: 727 daAuts
     D:2: 666 daAuts
     D:4: 153 daAuts
